 Dungeon Crawl Stone Soup version 0.29-a0-664-gff9cad4a3d (webtiles) character file.

Game seed: 2133716097203680314

1799 xian the Slasher (level 8, 0/61 HPs)
             Began as a Vampire Fighter on June 23, 2022.
             Was an Initiate of Wu Jian.
             Slain by Pikel
             ... wielding a +2 whip of electrocution
              (16 damage)
             ... on level 7 of the Dungeon.
             The game lasted 00:16:57 (5072 turns).

xian the Slasher (Vampire Fighter)                  Turns: 5072, Time: 00:16:59

Health: 0/61       AC: 15    Str: 17    XL:     8   Next: 83%
Magic:  8/8        EV: 10    Int: 13    God:    Wu Jian [......]
Gold:   365        SH:  6    Dex: 14    Spells: 7/7 levels left

rFire   . . .      SeeInvis +   f - +8 trident "Bonacw" {vorpal, Int+3}
rCold   . . .      Faith    .   c - +1 buckler
rNeg    . . .      Spirit   .   b - +0 scale mail
rPois   .          Reflect  .   w - +0 helmet
rElec   .          Harm     .   l - +1 cloak
rCorr   .          Rampage  .   A - +0 pair of gloves
Will    .....                   m - +2 pair of boots
Stlth   +.........              (no amulet)
HPRegen 0.40/turn               (no ring)
MPRegen 0.11/turn               (no ring)

@: healing quickly, studying Maces & Flails
A: alive, fangs 3, see invisible, vampiric 2
a: Exsanguinate, Renounce Religion


You were on level 7 of the Dungeon.
You worshipped Wu Jian.
Wu Jian was noncommittal.
You visited 2 branches of the dungeon, and saw 8 of its levels.

You collected 407 gold pieces.
You spent 42 gold pieces at shops.

Inventory:

Hand Weapons
 f - the +8 trident "Bonacw" (weapon) {vorpal, Int+3}
   (You found it on level 5 of the Dungeon)

   It inflicts extra damage upon your enemies.
   Int:       It affects your intelligence (+3).
Missiles
 a - 5 javelins (quivered)
 r - 10 poisoned darts
Armour
 b - a +0 scale mail (worn)
 c - a +1 buckler (worn)
 l - a +1 cloak (worn)
 m - a +2 pair of boots (worn)
 w - a +0 helmet (worn)
 A - a +0 pair of gloves (worn)
Wands
 t - a wand of paralysis (11)
 v - a wand of flame (15)
Scrolls
 j - 4 scrolls of immolation
 o - a scroll of fog
 u - a scroll of enchant weapon
 y - a scroll of teleportation
Potions
 d - 3 potions of ambrosia
 e - a potion of degeneration {unknown}
 g - a potion of resistance
 h - 3 potions of berserk rage
 i - 2 potions of brilliance {unknown}
 k - 3 potions of attraction {unknown}
 n - a potion of cancellation {unknown}
 p - 2 potions of curing {unknown}
 q - 2 potions of heal wounds {unknown}
 s - a potion of haste {unknown}
 x - a potion of flight {unknown}
 z - 2 potions of mutation {unknown}


   Skills:
 + Level 4.8 Fighting
 + Level 6.2 Long Blades
 + Level 2.7 Maces & Flails
 + Level 2.8 Polearms
 + Level 0.6 Throwing
 + Level 5.0 Armour
 + Level 3.2 Dodging
 + Level 2.2 Stealth
 + Level 4.1 Shields


You had 7 spell levels left.
You didn't know any spells.
Your spell library contained the following spells:

 Spells                   Type           Power      Damage    Failure   Level
 Necrotize                Necr           0%         1d4       77%         1
 Vampiric Draining        Necr           0%         2d6       98%         3
 Hailstorm                Conj/Ice       0%         3d3       100%        4
 Ice Form                 Ice/Tmut       0%         N/A       100%        4
 Agony                    Necr           0%         N/A       100%        5
 Simulacrum               Ice/Necr       0%         N/A       100%        6


Dungeon Overview and Level Annotations

Branches:
Dungeon (7/15)             Temple (1/1) D:6

Altars:
Ashenzari
Cheibriados
Dithmenos
Elyvilon
Fedhas
Hepliaklqana
Kikubaaqudgha
Makhleb
Nemelex Xobeh
Okawaru
Qazlal
Sif Muna
Trog
Vehumet
Wu Jian
Xom
Yredelemnul

Shops:
D:2 ***

Annotations:
D:7 Pikel


Innate Abilities, Weirdness & Mutations

Your natural rate of healing is accelerated.
You have razor-sharp teeth.
You have supernaturally acute eyesight. (SInv)
You are afflicted with vampirism and can become a bat while bloodless.


Message History

You continue putting on your +0 pair of gloves. x4
You finish putting on your +0 pair of gloves.
Found a ring mail and a dagger.
You open the door.
There is an open door here.
Found a stone staircase leading down.
Found 7 stones.
There is a stone staircase leading down here.
Found 2 large rocks.
You see here 2 large rocks.
A lemure comes into view.
The lemure shouts!
You hear a shout!
A lemure comes into view. x2
The lemure shouts!
You hear a shout! x2
Pikel, Merchant of Souls comes into view.
He is wielding a +2 whip of electrocution.
A lemure comes into view.
The lemure shouts!
The lemure hits you!
You puncture Pikel!
Pikel is heavily wounded.
The lemure hits you but does no damage. The lemure hits you.
Pikel hits you with a +2 whip of electrocution!
The lemure hits you.
You hit Pikel but do no damage.
Pikel is heavily wounded.
Pikel hits you but does no damage.
You are electrocuted!
You block the lemure's attack. The lemure hits you but does no damage.
You miss Pikel.
Pikel is heavily wounded.
Pikel hits you with a +2 whip of electrocution.
The lemure hits you but does no damage. The lemure hits you.
* * * LOW HITPOINT WARNING * * *
The lemure barely misses you.
You completely miss Pikel. Your bite misses Pikel.
Pikel is heavily wounded.
The lemure hits you but does no damage.
Pikel hits you with a +2 whip of electrocution.
* * * LOW HITPOINT WARNING * * *
You are electrocuted!
You die...

##.#######
#.########## #####
#>.....(.... #....
#.##..#####. #.....
#.#.......#
#.....####+#(......#
#..................+
#......55..........#
#......5@..........#
#......K5..........#
#..................#
#..................#
............#####.##
............# .#
............#
.......#####


You could see Pikel and 4 lemures.

Vanquished Creatures
  A troll (D:5)
  A shadow (D:5)
  An ice beast (D:6)
  3 black bears
  A sky beast (D:4)
  3 phantoms
  A kobold brigand (D:5)
  A bullfrog (D:5)
  A necrophage (D:6)
  A scorpion (D:6)
  A killer bee (D:6)
  A howler monkey (D:6)
  3 hounds
  3 iguanas
  2 gnolls
  10 adders
  2 shadow imps (D:6)
  A white imp (D:6)
  3 ufetubi
  A worm (D:4)
  3 dart slugs
  12 orcs
  11 ball pythons
  7 bats
  4 endoplasms
  4 giant cockroaches
  5 goblins
  5 hobgoblins
  6 jackals (D:1)
  2 kobolds (D:1)
  6 quokkas
  5 frilled lizards
  3 rats
114 creatures vanquished.

Notes
Turn   | Place    | Note
-------+----------+-------------------------------------------
     0 | D:1      | xian the Vampire Fighter began the quest for the Orb.
     0 | D:1      | Reached XP level 1. HP: 17/17 MP: 1/1
   167 | D:1      | Reached XP level 2. HP: 23/23 MP: 2/2
   351 | D:1      | Gained mutation: You are afflicted with vampirism and can
                  | become a bat while bloodless. [Vampire growth]
   351 | D:1      | Reached XP level 3. HP: 28/28 MP: 3/3
   368 | D:1      | Found a faded altar of an unknown god.
  1252 | D:2      | Found Daipaet's Assorted Antiques.
  1260 | D:2      | Bought a scroll labelled IDDULU KITTAOPN for 21 gold pieces
  1260 | D:2      | Bought a scroll labelled DOSAMA JUYPTUNK for 21 gold pieces
  1299 | D:2      | Found Icaub's Assorted Antiques.
  1315 | D:2      | Found Xitwent's General Store.
  1383 | D:2      | Noticed a black bear
  1392 | D:2      | Reached skill level 3 in Long Blades
  1392 | D:2      | Reached XP level 4. HP: 31/35 MP: 4/4
  1394 | D:2      | Killed a black bear
  1395 | D:2      | Reached skill level 4 in Long Blades
  1395 | D:2      | Reached XP level 5. HP: 36/41 MP: 5/5
  2480 | D:4      | Noticed a black bear
  2502 | D:4      | Killed a black bear
  2503 | D:4      | Reached skill level 1 in Dodging
  2503 | D:4      | Reached skill level 1 in Stealth
  2503 | D:4      | Reached XP level 6. HP: 20/47 MP: 6/6
  2724 | D:4      | Noticed a sky beast
  2735 | D:4      | Killed a sky beast
  2736 | D:4      | Reached skill level 5 in Long Blades
  3020 | D:4      | Found a snail-covered altar of Cheibriados.
  3158 | D:5      | Entered Level 5 of the Dungeon
  3165 | D:5      | Noticed a shadow
  3200 | D:5      | Noticed a troll
  3227 | D:5      | Killed a troll
  3228 | D:5      | Reached XP level 7. HP: 15/53 MP: 7/7
  3236 | D:5      | Killed a shadow
  3237 | D:5      | Reached skill level 1 in Maces & Flails
  3387 | D:5      | Reached skill level 6 in Long Blades
  3542 | D:5      | Found a broken altar of Ashenzari.
  3545 | D:5      | Found a basalt altar of Yredelemnul.
  3545 | D:5      | Found a sparkling altar of Nemelex Xobeh.
  3562 | D:5      | Reached XP level 8. HP: 46/60 MP: 8/8
  3565 | D:5      | Found a stormy altar of Qazlal.
  3633 | D:5      | Identified the +8 trident "Bonacw" {vorpal, Int+3}
  4268 | D:6      | Reached skill level 1 in Polearms
  4494 | D:6      | Reached skill level 5 in Armour
  4648 | D:6      | Found a radiant altar of Vehumet.
  4697 | D:6      | Found a staircase to the Ecumenical Temple.
  4707 | Temple   | Entered the Ecumenical Temple
  4730 | Temple   | Became a worshipper of the Wu Jian Council
  4755 | D:6      | Found a bloodstained altar of Trog.
  5064 | D:7      | Noticed Pikel
  5072 | D:7      | Slain by Pikel

Illustrated notes

Levels and vault maps discovered:
D:1:      kennysheep_arrival_seaside, layout_basic,
          shapermc_ecumenical_altar_notcrosses
D:2:      layout_basic, serial_shops, shop, shop, nicolae_shop_trees,
          minmay_misc_feat_enclosed, chequers_serial_rivers_micro_a
D:3:      layout_basic
D:4:      layout_rooms, mainiacjoe_overflow_alcove_1, hex_medium
D:5:      layout_gridville, grunt_temple_overflow_open, grunt_decor_cap,
          minmay_crystal_room, hangedman_abyss_or_decor_stagger,
          minmay_manual_mail
D:6:      minmay_recursive_quarters, layout_gridville,
          mainiacjoe_overflow_tiny_flanked, kennysheep_mini_moat,
          minmay_temple_entry_mini_moons
D:7:      kennysheep_steamy, layout_basic, serial_shops, nicolae_shop_crystal,
          uniq_pikel
Temple:   cyrus_circular_temple

Skill      XL: |  1  2  3  4  5  6  7  8 |
---------------+-------------------------+-----
Shields        | 3 4 |  4.1
Fighting       | 3 4 |  4.8
Long Blades    | 3 4 5 6 |  6.2
Armour         | 3 4 5 |  5.0
Dodging        | 1 2 3 |  3.2
Stealth        | 1 2 |  2.2
Maces & Flails | 1 2 |  2.7
Polearms       | 2 |  2.8
Throwing       | |  0.6

Action                   |  1- 3 |  4- 6 |  7- 9 || total
-------------------------+-------+-------+-------++-------
Melee: Long sword        |    88 |   133 |       ||   221
       Bite              |     8 |    15 |    10 ||    33
       Flail             |       |     6 |    45 ||    51
       Trident           |       |       |    81 ||    81
Throw: Javelin           |       |       |     9 ||     9
Invok: Lunge             |       |       |     1 ||     1
  Use: Scroll            |     6 |     6 |     5 ||    17
       Potion            |     1 |       |     1 ||     2
Armor: Scale mail        |    60 |   114 |    93 ||   267
Dodge: Dodged            |    56 |    88 |    96 ||   240
Block: Buckler           |    20 |    41 |    41 ||   102

Table legend: (Time is in decaauts)
 A = Elapsed time spent in this place.
 B = Non-inter-level travel time spent in this place.
 C = Inter-level travel time spent in this place.
 D = Time resting spent in this place.
 E = Time spent auto-exploring this place.
 F = Levels seen in this place.
 G = Mean time per level.
                   A        B        C        D        E       F      G
               +--------+--------+--------+--------+--------+-----+--------+
         Total |   5190 |   5009 |    181 |      0 |   3569 |   8 |  648.8 |
       Dungeon |   5153 |   4983 |    170 |      0 |   3562 |   7 |  736.1 |
        Temple |     36 |     25 |     11 |      0 |      7 |   1 |   36.0 |
               +--------+--------+--------+--------+--------+-----+--------+

Top non-repeatable levels by time:
     D:1: 1212 daAuts
     D:5: 1079 daAuts
     D:6: 812 daAuts
     D:2: 736 daAuts
     D:4: 700 daAuts
     D:3: 566 daAuts
     D:7: 45 daAuts
  Temple: 36 daAuts
